 Dungeon Crawl Stone Soup version 0.30-a0-354-g6b83867211 (webtiles) character file.

Game seed: 12767900222444471320

2339 jfcaron the Basher (level 10, -3/86 HPs)
             Began as a Meteoran Fighter on Nov 8, 2022.
             Slain by an orc warrior
             ... wielding a +2 scimitar of flaming
              (5 damage)
             ... on level 6 of the Dungeon.
             The game lasted 00:19:03 (2057 turns).

jfcaron the Basher (Meteoran Fighter)               Turns: 2057, Time: 00:19:04

Health: -3/86      AC: 13    Str: 23    XL:     10   Next: 1%
Magic:  11/11      EV:  8    Int:  9    God:
Gold:   1214       SH:  6    Dex: 14    Spells: 9/9 levels left

rFire   . . .      SeeInvis .    o - +3 flail
rCold   . . .      Faith    .    c - +0 buckler
rNeg    . . .      Spirit   .    p - +0 chain mail
rPois   .          Reflect  .    l - +0 helmet
rElec   .          Harm     .    (no cloak)
rCorr   .          Rampage  .    h - +0 pair of gloves
Will    +....                    (no boots)
Stlth   ..........               (no amulet)
HPRegen 0.34/turn                (no ring)
MPRegen 0.12/turn                (no ring)

@: attractive, glowing
A: sense surroundings 2, otherworldly, glowing, explore regen
a: no special abilities


You were on level 6 of the Dungeon.
You visited 1 branch of the dungeon, and saw 6 of its levels.

You collected 1214 gold pieces.

Inventory:

Hand Weapons
 a - a +0 flail
 e - a +0 demon blade
 j - a +1 dagger of electrocution
 o - a +3 flail (weapon)
 v - a +2 whip of draining
Missiles
 d - 6 poisoned darts (quivered)
Armour
 b - a +0 scale mail
 c - a +0 buckler (worn)
 h - a +0 pair of gloves (worn)
 l - a +0 helmet (worn)
 p - a +0 chain mail (worn)
Jewellery
 i - a ring of wizardry
 q - a ring of fire
Scrolls
 k - a scroll of amnesia
 m - a scroll of noise
 s - a scroll of enchant weapon
Potions
 f - a potion of resistance
 n - a potion of ambrosia
 r - a potion of might
 t - 3 potions of magic


   Skills:
 + Level 7.5 Fighting
 + Level 8.5 Maces & Flails
 + Level 8.2 Armour
 + Level 8.2 Shields


You had 9 spell levels left.
You didn't know any spells.
Your spell library contained the following spells:

 Spells                   Type           Power      Damage    Failure   Level
 Sandblast                Erth           0%         2d4       97%         1
 Cigotuvi's Dreadful Rot  Necr/Pois/Air  0%         N/A       99%         2
 Passwall                 Tmut/Erth      0%         N/A       99%         2
 Poisonous Vapours        Pois/Air       0%         N/A       99%         2
 Mephitic Cloud           Conj/Pois/Air  0%         N/A       100%        3
 Stone Arrow              Conj/Erth      0%         3d7       100%        3


Dungeon Overview and Level Annotations

Branches:
Dungeon (6/15) Zot: 1483
 Temple: D:4-7

Altars:
Dithmenos
Fedhas
Sif Muna


Innate Abilities, Weirdness & Mutations

You passively map the area around you.
You are easily found by Zot.
You glow in the dark.
You regain HP and MP as you explore.


Message History

The orc warrior is lightly wounded.
You block the orc warrior's attack. The orc hits you but does no damage.
You hit the orc warrior.
The orc warrior is lightly wounded.
The orc warrior hits you with a +2 scimitar of flaming!
The orc warrior burns you. The orc hits you with a +0 short sword.
You closely miss the orc warrior.
The orc warrior is lightly wounded.
The orc warrior hits you with a +2 scimitar of flaming!
The orc warrior burns you. The orc hits you but does no damage.
You hit the orc warrior but do no damage.
The orc warrior is lightly wounded.
The orc warrior hits you with a +2 scimitar of flaming!
The orc warrior burns you. The orc barely misses you.
You closely miss the orc warrior.
The orc warrior is lightly wounded.
The orc warrior hits you with a +2 scimitar of flaming!
The orc warrior burns you! The orc hits you but does no damage.
The orc warrior attacks as you move away!
You block the orc warrior's attack.
You thump the orc warrior!
The orc warrior is heavily wounded.
The orc warrior hits you but does no damage.
Throw: throwing net {!f}
Press: ? - help, Shift-Dir - straight line, f - orc warrior
Aim: an orc warrior, wielding a +2 scimitar of flaming and wearing a +0 chain mail (heavily wounded, 58% to hit)
You throw a throwing net {!f}.
The throwing net {!f} closely misses the orc warrior.
The throwing net {!f} hits the orc.
The orc is caught in the net!
The orc warrior hits you with a +2 scimitar of flaming!
* * * LOW HITPOINT WARNING * * *
The orc warrior burns you.
* * * LOW HITPOINT WARNING * * *
The orc struggles against the net.
It was a potion of attraction.
You feel attractive to monsters.
The orc warrior hits you with a +2 scimitar of flaming!
* * * LOW HITPOINT WARNING * * *
The orc warrior burns you.
You die...

#.###.# ##...##
#####. ##.#.## #+##
#..... ##.#* ?#
#.###. #.# .# , ##
####.#### #.## , #
#.......# ...## *
#.##.##.# *,....# ,
#
*#.##.######...##.#
,
#.##.##..@oo.....#
*,
#.......##########
####.#### * ...# *
#####


You could see an orc warrior and an orc (caught).

Vanquished Creatures
  A two-headed ogre (D:5)
  The ghost of Encipher the Grappler, a novice TrMo of Wu Jian (D:5)
  2 ice beasts (D:5)
  A sky beast (D:6)
  2 black bears
  An ogre (D:5)
  2 phantoms (D:5)
  A bullfrog (D:6)
  A scorpion (D:5)
  A gnoll bouda (D:5)
  4 hounds
  A water moccasin simulacrum (D:5)
  3 iguanas
  2 orc wizards (D:5)
  A bullfrog simulacrum (D:5)
  A killer bee simulacrum (D:5)
  A gnoll (D:5)
  5 adders
  A howler monkey simulacrum (D:5)
  An ufetubus (D:4)
  A worm (D:2)
  3 dart slugs
  6 orcs
  5 endoplasms
  3 giant cockroaches
  8 goblins
  9 hobgoblins
  4 jackals (D:3)
  3 kobolds
  A quokka (D:1)
  5 ball pythons
  3 bats
  A frilled lizard (D:1)
  2 rats
87 creatures vanquished.

Notes
Turn   | Place    | Note
-------+----------+-------------------------------------------
     0 | D:1      | jfcaron the Meteoran Fighter began the quest for the Orb.
     0 | D:1      | Reached XP level 1. HP: 19/19 MP: 2/2
    56 | D:1      | Reached XP level 2. HP: 25/26 MP: 3/3
   161 | D:2      | Reached XP level 3. HP: 17/31 MP: 4/4
   423 | D:2      | Found a blossoming altar of Fedhas.
   458 | D:2      | Noticed a black bear
   464 | D:2      | Killed a black bear
   465 | D:2      | Reached XP level 4. HP: 38/40 MP: 5/5
   465 | D:2      | Reached XP level 5. HP: 43/46 MP: 6/6
   491 | D:3      | Found a shadowy altar of Dithmenos.
   568 | D:3      | Found a faded altar of an unknown god.
   651 | D:3      | Reached XP level 6. HP: 19/52 MP: 7/7
   865 | D:4      | Identified a scroll of acquirement
   865 | D:4      | Acquired 998 gold pieces
   923 | D:4      | Found a shimmering blue altar of Sif Muna.
  1048 | D:4      | Reached skill level 5 in Armour
  1048 | D:4      | Reached skill level 5 in Shields
  1095 | D:5      | Entered Level 5 of the Dungeon
  1188 | D:6      | Reached XP level 7. HP: 52/60 MP: 8/8
  1332 | D:5      | Found a runed translucent gate.
  1333 | D:5      | Found a runed translucent gate.
  1335 | D:5      | Found a runed translucent gate.
  1372 | D:5      | Reached skill level 5 in Maces & Flails
  1374 | D:5      | Noticed Encipher's ghost (novice TrMo)
  1381 | D:5      | Reached skill level 5 in Fighting
  1383 | D:5      | HP: 8/61 [water moccasin simulacrum (5)]
  1619 | D:5      | Reached XP level 8. HP: 66/68 MP: 9/9
  1837 | D:5      | Killed Encipher's ghost
  1838 | D:5      | Gained mutation: You passively map the area around you.
                  | [Meteoran growth]
  1838 | D:5      | Reached XP level 9. HP: 46/78 MP: 10/10
  1892 | D:5      | Noticed a two-headed ogre
  1928 | D:5      | HP: 8/78 [two-headed ogre/+0 giant spiked club (18)]
  1929 | D:5      | Killed a two-headed ogre
  2007 | D:6      | Reached XP level 10. HP: 86/86 MP: 11/11
  2056 | D:6      | HP: 13/86 [orc warrior/+2 scimitar of flaming (5)]
  2057 | D:6      | HP: 2/86 [orc warrior/+2 scimitar of flaming (11)]
  2057 | D:6      | Slain by an orc warrior

Illustrated notes

Levels and vault maps discovered:
D:1:      dpeg_arrival_another_circle, layout_loops_ring, st_stairs_12,
          chequers_serial_rivers_large_a
D:2:      layout_loops_ring, basic_altar, minmay_misc_feat_encased, uniq_natasha
D:3:      kennysheep_the_goblin_king, layout_basic,
          nicolae_dithmenos_the_darkroom,
          shapermc_ecumenical_altar_starsandcircs
D:4:      layout_loops_ring, led_sif_pool, corexii_corridor_pit,
          lemuel_flame_loot_1
D:5:      minmay_inner_zag, layout_loops_cross, gammafunk_ghost_icy,
          hangedman_decor_opposing, st_stairs_1
D:6:      layout_loops_corners, temple_doors_ab

Skill      XL: |  1  2  3  4  5  6  7  8  9 |
---------------+----------------------------+-----
Maces & Flails | 3 4 5 7 8 |  8.5
Armour         | 4 5 7 8 |  8.2
Shields        | 4 5 7 8 |  8.2
Fighting       | 4 5 6 7 |  7.5

Action                   |  1- 3 |  4- 6 |  7- 9 | 10-12 || total
-------------------------+-------+-------+-------+-------++-------
Melee: Flail             |    69 |    96 |   143 |    11 ||   319
Throw: Dart              |       |     1 |     4 |       ||     5
       Throwing net      |       |       |     1 |     1 ||     2
  Use: Potion            |     1 |       |     3 |     1 ||     5
       Scroll            |       |    11 |     7 |       ||    18
Armor: Scale mail        |    46 |     5 |       |       ||    51
       Chain mail        |       |    45 |    91 |     8 ||   144
Dodge: Dodged            |    47 |    42 |    38 |     2 ||   129
Block: Buckler           |    29 |    36 |    40 |     3 ||   108

Table legend: (Time is in decaauts)
 A = Elapsed time spent in this place.
 B = Non-inter-level travel time spent in this place.
 C = Inter-level travel time spent in this place.
 D = Time resting spent in this place.
 E = Time spent auto-exploring this place.
 F = Levels seen in this place.
 G = Mean time per level.
                   A        B        C        D        E       F      G
               +--------+--------+--------+--------+--------+-----+--------+
         Total |   2115 |   1678 |    437 |     32 |      0 |   6 |  352.5 |
       Dungeon |   2115 |   1678 |    437 |     32 |      0 |   6 |  352.5 |
               +--------+--------+--------+--------+--------+-----+--------+

Top non-repeatable levels by time:
     D:5: 749 daAuts
     D:4: 388 daAuts
     D:3: 371 daAuts
     D:2: 278 daAuts
     D:1: 230 daAuts
     D:6: 98 daAuts
